 Dungeon Crawl Stone Soup version 0.31-a0-1626-g5cb510d322 (webtiles) character file.

Game seed: 2153962996672759669

55771 tilp the Carver (level 14, -3/108 HPs)
             Began as a Vampire Enchanter on Jan 11, 2024.
             Was a High Priest of Wu Jian.
             Slain by Rupert
             ... wielding a +1 great sword of flaming
              (18 damage)
             ... on level 1 of the Orcish Mines on Jan 12, 2024.
             The game lasted 00:51:57 (24004 turns).

tilp the Carver (Vampire Enchanter)                Turns: 24004, Time: 00:51:58

Health: -3/108     AC: 13    Str:  7    XL:     14   Next: 39%
Magic:  17/24      EV: 16    Int: 22    God:    Wu Jian [*****.]
Gold:   1682       SH:  5    Dex: 15    Spells: 13/27 levels left

rFire   . . .        a - +3 dagger (freeze)
rCold   + + +        (no shield)
rNeg    + . .        H - +0 steam dragon scales
rPois   +            (no helmet)
rElec   .            (no cloak)
rCorr   .            (no gloves)
SInv    +            m - +2 pair of boots
Will    +....        n - amulet of reflection
Stlth   +++++        p - +4 ring of protection
HPRegen 0.58/turn    u - ring of Brawling {*Slow +Blink rPois rC+++ rN+}
MPRegen 0.19/turn

%: slow self (1%), reflection
@: healing quickly, invisible
A: alive, fangs 3, see invisible, vampiric 2
a: Exsanguinate, Renounce Religion, Evoke Blink, Wall Jump, Serpent's Lash,
Heavenly Storm


You were on level 1 of the Orcish Mines.
You worshipped Wu Jian.
Wu Jian was extremely pleased with you.
You visited 4 branches of the dungeon, and saw 23 of its levels.
You also visited: Volcano.

You collected 1736 gold pieces.
You spent 54 gold pieces at shops.

Inventory:

Hand Weapons
 a - a +3 dagger of freezing (weapon)
 b - a +0 scimitar
 f - a +0 great sword
 i - a +2 dagger of speed
 z - a +2 spectral dagger
Missiles
 h - 10 javelins
 q - 43 poisoned darts (quivered)
 s - 4 throwing nets
 A - 5 silver javelins
 E - 15 boomerangs
Armour
 m - a +2 pair of boots (worn)
 H - +0 steam dragon scales (worn)
 I - a +0 buckler
Jewellery
 d - a ring of fire
 n - an amulet of reflection (around neck)
 p - a +4 ring of protection (left hand)
 u - the ring of Brawling (right hand) {*Slow +Blink rPois rC+++ rN+}
   (You found it on level 4 of the Dungeon)

   [ring of poison resistance]

   rC+++:     It renders you almost immune to cold.
   rPois:     It protects you from poison rN+: It protects you from negative
   energy.
   +Blink:    It lets you blink.
   *Slow:     It may slow you when you take damage.
 C - a ring of flight
 G - a +5 ring of evasion
 Q - a +6 ring of intelligence
 R - a ring of magical power
Wands
 k - a wand of light (5)
 x - a wand of polymorph (20)
 y - a wand of mindburst (15)
 F - a wand of roots (4)
 L - a wand of flame (9)
Scrolls
 l - a scroll of fear
 w - 2 scrolls of poison
 B - 2 scrolls of amnesia
 D - a scroll of revelation
 K - a scroll of butterflies
 M - a scroll of vulnerability
 P - a scroll of fog
Potions
 c - a potion of invisibility
 e - 10 potions of curing
 g - 3 potions of berserk rage
 j - 4 potions of lignification
 o - 3 potions of haste
 r - 2 potions of attraction
 t - a potion of cancellation
 v - 4 potions of mutation
 J - 4 potions of heal wounds
 N - 5 potions of enlightenment
 O - 2 potions of ambrosia


   Skills:
 * Level 9.4 Fighting
 - Level 3.8(10.5) Short Blades
 - Level 13.8(14.0) Long Blades
 - Level 4.0 Armour
 + Level 8.7 Dodging
 - Level 12.0 Stealth
 - Level 4.0 Shields
 - Level 7.0 Spellcasting
 - Level 4.0 Conjurations
 - Level 12.0 Hexes
 - Level 2.0 Ice Magic
 + Level 1.6 Air Magic
 + Level 1.7 Alchemy
 + Level 6.5 Evocations


You had 13 spell levels left.
You knew the following spells:

 Your Spells              Type           Power      Damage    Failure   Level
a - Ensorcelled Hibernat  Hex/Ice        76%        N/A       1%          2
b - Confusing Touch       Hex            57%        N/A       1%          3
c - Tukima's Dance        Hex            57%        N/A       1%          3
d - Dazzling Flash        Conj/Hex       84%        N/A       1%          3
e - Mephitic Cloud        Conj/Alch/Air  18%        N/A       9%          3

Your spell library contained the following spells:

 Spells                   Type           Power      Damage    Failure   Level
 Jinxbite                 Hex            100%       N/A       1%          2
 Inner Flame              Hex/Fire       34%        N/A       1%          3
 Sigil of Binding         Hex            57%        N/A       1%          3
 Mercury Vapours          Alch/Air       30%        N/A       6%          2
 Dimensional Bullseye     Hex/Tloc       17%        N/A       7%          4
 Apportation              Tloc           14%        N/A       9%          1
 Frozen Ramparts          Ice            32%        1d5       11%         3
 Ozocubu's Armour         Ice            16%        N/A       11%         3
 Lesser Beckoning         Tloc           14%        N/A       12%         2
 Swiftness                Air            14%        N/A       13%         3
 Metabolic Englaciation   Hex/Ice        19%        N/A       13%         5
 Call Canine Familiar     Summ           7%         N/A       24%         3
 Fugue of the Fallen      Necr           7%         N/A       24%         3
 Gell's Gravitas          Tloc           7%         N/A       24%         3
 Passwall                 Erth           7%         N/A       24%         3
 Teleport Other           Tloc           7%         N/A       24%         3
 Iskenderun's Mystic Bla  Conj/Tloc      16%        2d5       34%         4
 Leda's Liquefaction      Alch/Erth      5%         N/A       50%         4
 Petrify                  Alch/Erth      11%        N/A       50%         4
 Summon Lightning Spire   Summ/Air       11%        N/A       52%         4
 Irradiate                Conj/Alch      10%        3d15      56%         5
 Animate Armour           Summ/Erth      14%        N/A       63%         4
 Manifold Assault         Tloc           7%         N/A       63%         4
 Freezing Cloud           Conj/Ice/Air   9%         6-21      63%         5
 Alistair's Intoxication  Alch           10%        N/A       73%         5
 Lee's Rapid Deconstruct  Erth           3%         3d5*      92%         5
 Ignition                 Fire           3%         3d4       100%        8


Dungeon Overview and Level Annotations

Branches:
Dungeon (15/15)            Temple (1/1) D:5            Lair (5/5) D:9
  Swamp (0/4) Lair:3       Spider (0/4) Lair:3        Slime (0/5) Lair:5
    Orc (2/2) D:9          Depths (0/4) D:15        Volcano (visited)
    Elf: Orc:2       Vaults: D:13-14

Altars:
Ashenzari
Cheibriados
Dithmenos
Fedhas
Gozag
Hepliaklqana
Kikubaaqudgha
Makhleb
Nemelex Xobeh
Okawaru
Qazlal
Ru
Sif Muna
Trog
Uskayaw
Vehumet
Wu Jian
Xom
Yredelemnul
Jiyva

Shops:
D:10 [*   D:13 :

Annotations:
D:11 big vault, exclusion: iron imp
Lair:5 anaconda ending, exclusion: 3 doors
Orc:1 Rupert


Innate Abilities, Weirdness & Mutations

Your natural rate of healing is accelerated.
You have razor-sharp teeth.
You have supernaturally acute eyesight. (SInv)
You are afflicted with vampirism and can become a bat while bloodless.


Message History

Press: ? - help, Shift-Dir - straight line, f/p - Rupert
Aim: Rupert, wielding a +1 great sword of flaming and wearing a +0 chain mail (moderately wounded, berserk, 81% to hit)
The bolt of light hits Rupert!
Rupert is heavily wounded.
Rupert is blinded.
Rupert closely misses you.
Rupert hits you with a +1 great sword of flaming!!
* * * LOW HITPOINT WARNING * * *
Rupert burns you!
* * * LOW HITPOINT WARNING * * *
Unknown command.
Unknown command.
Unknown command.
You hit Rupert but do no damage. Your bite misses Rupert.
Rupert is heavily wounded.
Unknown command.
Rupert is no longer blind.
Rupert rages.
Okay, then.
Unknown command.
Okay, then.
Press: ? - help, v - describe, . - travel
Here: Rupert, wielding a +1 great sword of flaming and wearing a +0 chain mail (heavily wounded, berserk)
The floor, spattered with blood.
You fade into invisibility!
Press: ? - help, v - describe, . - travel The floor.
You blink.
You feel ready to blink again.
Rupert rages.
Rupert rages.
You catch the helpless Rupert completely off-guard!
You spit Rupert like a pig!!! You freeze Rupert.
Rupert is severely wounded.
You block Rupert's attack.
You strike the helpless Rupert from behind!
You impale Rupert!! You freeze Rupert! You bite Rupert, but do no damage.
Rupert is almost dead.
Rupert hits you with a +1 great sword of flaming!!
You die...
Rupert roars with triumph.

###........###.#......###
##.#........#.#..........###
#..#...............#.....#.#
####.....#......)...##........
##........#...)[......#.......#
#.#......#....<))...######.....
###.....##.....[)...#..##.....#
####.........###.........#..#
##........@##..........####
#..#.....@..#.#...).....#
#...#......#.###....#####
##.##....##(......).##
###...#.###.........###
##.###.##..>........####
####...##...........##.
#....#...........#..
##.#.......#........


You could see Rupert (berserk, unable to see you).

Vanquished Creatures
  Kirke (Lair:4)
  Snorg (Orc:1)
  The ghost of Gorgor the Blocker, a journeyman MiFi of Trog (D:10)
  Josephine (Lair:4)
  2 hydras
  A catoblepas (Lair:5)
  2 ghost crabs (Lair:3)
  2 boulder beetles
  A two-headed ogre (D:12)
  An orc high priest (Orc:1)
  6 death yaks
  A pharaoh ant (Lair:3)
  Nergalle (Lair:1)
  2 skysharks
  Pikel (D:5)
  A lindwurm (Lair:4)
  2 ugly things (D:11)
  2 cyclopes
  2 oklob plants (Lair:3)
  7 black mambas
  14 elephants
  A kobold blastminer (Orc:2)
  A gargoyle (D:12)
  10 cane toads
  4 komodo dragons
  An unseen horror (D:13)
  3 rime drakes
  Maggie (D:7)
  3 kobold demonologists (D:11)
  A spectral skyshark (Lair:3)
  6 polar bears
  2 hornets
  4 trolls
  7 dream sheep
  14 blink frogs
  A jumping spider (Lair:3)
  A shadow (D:5)
  4 wyverns
  A spectral black mamba (Lair:3)
  5 hogs
  26 yaks
  6 wraiths
  A fire elemental (Lair:1)
  2 wargs
  2 basilisks
  A steam dragon (D:7)
  15 water moccasins
  3 acid dragons
  3 ice beasts
  10 orc warriors
  A swamp drake (D:9)
  2 sky beasts
  7 ogres
  2 black bears
  9 centaurs
  20 wolves
  3 phantoms
  6 kobold brigands
  4 lemures (D:5)
  8 bullfrogs
  7 scorpions
  4 wights (D:6)
  17 killer bees
  7 bombardier beetles
  4 electric eels (Lair:1)
  4 crimson imps (D:5)
  8 howler monkeys
  2 lava snakes (Lair:1)
  6 jellies
  16 orc priests
  3 sleepcaps
  3 hounds
  6 gnoll boudas
  Terence (D:2)
  3 iguanas
  10 orc wizards
  22 gnolls
  5 adders
  A shadow imp (D:4)
  2 white imps (D:5)
  2 ufetubi (D:5)
  12 dart slugs
  2 ribbon worms
  66 orcs
  5 ball pythons
  11 bats
  6 endoplasms
  4 giant cockroaches
  4 goblins (D:1)
  7 hobgoblins
  4 jackals
  4 quokkas
  2 frilled lizards
  29 kobolds
  9 rats
551 creatures vanquished.

Vanquished Creatures (collateral kills)
  An orc (Orc:1)
1 creature vanquished.

Vanquished Creatures (others)
  5 dancing weapons
5 creatures vanquished.

Grand Total: 557 creatures vanquished

Notes
Turn   | Place    | Note
-------+----------+-------------------------------------------
     0 | D:1      | tilp the Vampire Enchanter began the quest for the Orb.
     0 | D:1      | Reached XP level 1. HP: 13/13 MP: 3/3
   103 | D:1      | Reached XP level 2. HP: 20/20 MP: 5/5
   106 | D:1      | Learned a level 2 spell: Ensorcelled Hibernation
   599 | D:1      | Gained mutation: You are afflicted with vampirism and can
                  | become a bat while bloodless. [Vampire growth]
   599 | D:1      | Reached XP level 3. HP: 25/25 MP: 6/6
   614 | D:1      | Learned a level 3 spell: Confusing Touch
   892 | D:1      | Reached skill level 1 in Long Blades
   893 | D:1      | Reached skill level 1 in Fighting
  1030 | D:2      | Found a faded altar of an unknown god.
  1098 | D:2      | Identified the +3 spear of Ashenzari's Envy {venom, Stlth+}
  1141 | D:2      | Reached XP level 4. HP: 32/32 MP: 7/7
  1150 | D:2      | Noticed Terence
  1159 | D:2      | Killed Terence
  1160 | D:2      | Reached skill level 5 in Hexes
  2028 | D:3      | Reached skill level 5 in Stealth
  2028 | D:3      | Reached XP level 5. HP: 38/38 MP: 5/8
  2161 | D:3      | Reached skill level 1 in Ice Magic
  2206 | D:3      | Reached skill level 2 in Long Blades
  2313 | D:3      | Learned a level 3 spell: Tukima's Dance
  2655 | D:4      | Found a shadowy altar of Dithmenos.
  2698 | D:4      | Noticed a phantom
  2711 | D:4      | Killed a phantom
  2712 | D:4      | Reached XP level 6. HP: 44/44 MP: 5/10
  2712 | D:4      | Identified the ring of Brawling {*Slow +Blink rPois rC+++
                  | rN+}
  3140 | D:4      | Reached XP level 7. HP: 49/51 MP: 7/11
  3450 | D:5      | Entered Level 5 of the Dungeon
  3471 | D:5      | Noticed a shadow
  3510 | D:5      | Reached skill level 3 in Long Blades
  3626 | D:5      | Killed a shadow
  3843 | D:5      | Reached XP level 8. HP: 56/58 MP: 8/13
  4000 | D:5      | Found a shimmering altar of Xom.
  4010 | D:5      | Found a staircase to the Ecumenical Temple.
  4299 | D:5      | Reached skill level 4 in Long Blades
  4442 | D:5      | Found a hazy altar of Hepliaklqana.
  4491 | D:5      | Noticed Pikel
  4802 | D:5      | Killed Pikel
  5068 | D:5      | Reached XP level 9. HP: 66/66 MP: 14/14
  5275 | D:5      | Found a radiant altar of Vehumet.
  5904 | D:6      | Reached skill level 5 in Long Blades
  7059 | D:6      | Reached skill level 5 in Fighting
  7059 | D:6      | Reached skill level 5 in Dodging
  7262 | Temple   | Entered the Ecumenical Temple
  7275 | Temple   | Became a worshipper of the Wu Jian Council
  7436 | D:7      | Noticed Maggie
  7453 | D:7      | Killed Maggie
  7842 | D:7      | Reached skill level 6 in Long Blades
  7908 | D:7      | Reached skill level 10 in Hexes
  8048 | D:7      | Reached skill level 1 in Evocations
  8177 | D:7      | Found an ancient bone altar of Kikubaaqudgha.
  8298 | D:7      | Reached skill level 1 in Armour
  8302 | D:7      | Reached XP level 10. HP: 76/76 MP: 6/16
  8631 | D:7      | Found a bloodstained altar of Trog.
  8811 | D:7      | Reached * piety under Wu Jian
  9372 | D:8      | Reached skill level 5 in Spellcasting
  9439 | D:8      | Learned a level 3 spell: Dazzling Flash
  9462 | D:8      | Reached skill level 7 in Long Blades
 10045 | D:9      | Reached skill level 1 in Conjurations
 10046 | D:9      | Reached ** piety under Wu Jian
 10299 | D:9      | Found a snail-covered altar of Cheibriados.
 10811 | D:9      | Found a staircase to the Lair.
 10955 | D:9      | Found a staircase to the Orcish Mines.
 11002 | D:9      | Reached skill level 8 in Long Blades
 11130 | D:9      | Reached skill level 10 in Stealth
 11134 | D:9      | Reached *** piety under Wu Jian
 11204 | D:9      | Reached XP level 11. HP: 81/81 MP: 15/18
 11450 | D:9      | Found a hide-covered altar of Uskayaw.
 11502 | D:10     | Entered Level 10 of the Dungeon
 11902 | D:10     | Found a large runed translucent door.
 11902 | D:10     | Found a large runed translucent door.
 11905 | D:10     | Noticed Gorgor's ghost (journeyman MiFi)
 11907 | D:10     | Found Gego's Assorted Antiques.
 11972 | D:10     | Bought 2 scrolls labelled JACUOPOJEI for 54 gold pieces
 12108 | D:10     | Found Fozec's Armour Boutique.
 12541 | D:11     | Reached skill level 1 in Shields
 12562 | D:11     | Reached **** piety under Wu Jian
 12563 | D:11     | Reached skill level 9 in Long Blades
 12695 | D:11     | Noticed a brown ugly thing
 12701 | D:11     | Killed a brown ugly thing
 12820 | D:11     | Noticed a brown ugly thing
 12831 | D:11     | Noticed a soul eater
 12943 | D:11     | Killed a brown ugly thing
 13225 | D:11     | Noticed a boulder beetle
 13227 | D:11     | Killed a boulder beetle
 13333 | D:12     | Reached skill level 10 in Long Blades
 13451 | D:12     | You fall into a shaft and drop 3 floors!
 13451 | D:15     | Entered Level 15 of the Dungeon
 13466 | D:15     | Noticed an occultist
 13709 | D:13     | Found Cauq's Book Boutique.
 14138 | D:12     | Noticed a two-headed ogre
 14143 | D:12     | Killed a two-headed ogre
 14213 | D:12     | Reached XP level 12. HP: 88/88 MP: 16/19
 14394 | Lair:1   | Entered Level 1 of the Lair of Beasts
 14399 | Lair:1   | Noticed Nergalle
 14637 | Lair:1   | Killed Nergalle
 14638 | Lair:1   | Reached skill level 11 in Long Blades
 14946 | Lair:1   | Found a dark tunnel.
 14955 | Volcano  | Entered a volcano
 15141 | Lair:1   | Reached skill level 12 in Long Blades
 16208 | Lair:2   | Reached skill level 13 in Long Blades
 16262 | Lair:2   | Noticed a boulder beetle
 16276 | Lair:2   | Killed a boulder beetle
 16879 | Lair:3   | Found a blossoming altar of Fedhas.
 16885 | Lair:3   | Reached ***** piety under Wu Jian
 16966 | Lair:3   | Found a hole to the Spider Nest.
 17260 | Lair:3   | Reached XP level 13. HP: 94/94 MP: 17/20
 17374 | Lair:3   | Found an iron altar of Okawaru.
 17525 | Lair:3   | Found a staircase to the Swamp.
 18302 | Lair:3   | HP: 1/88 [something (6)]
 18670 | Lair:4   | Reached skill level 5 in Evocations
 18840 | Lair:4   | Noticed Josephine
 18964 | Lair:4   | Killed Josephine
 19940 | Lair:4   | Upgraded the game from 0.31-a0-1620-gcbf77bbcfc to
                  | 0.31-a0-1626-g5cb510d322
 19957 | Lair:5   | Entered Level 5 of the Lair of Beasts
 20003 | Lair:5   | Noticed Kirke
 20490 | Lair:4   | Killed Kirke
 21045 | Lair:5   | Reached XP level 14. HP: 106/106 MP: 21/23
 21305 | Lair:5   | Found a viscous altar of Jiyva.
 21310 | Lair:5   | Found a staircase to the Slime Pits.
 21319 | Lair:5   | Found an ancient bone altar of Kikubaaqudgha.
 22031 | Lair:5   | Learned a level 3 spell: Mephitic Cloud
 22896 | D:10     | Killed Gorgor's ghost
 22999 | Orc:1    | Entered Level 1 of the Orcish Mines
 23006 | Orc:1    | Reached skill level 1 in Air Magic
 23006 | Orc:1    | Reached skill level 1 in Alchemy
 23016 | Orc:1    | Noticed Snorg
 23037 | Orc:1    | Killed Snorg
 23748 | Orc:2    | Entered Level 2 of the Orcish Mines
 23951 | Orc:2    | Noticed Rupert
 24004 | Orc:1    | Slain by Rupert

Illustrated notes

Levels and vault maps discovered:
D:1:      lightli_molten_gateway, layout_loops_ring, minmay_three_crescents
D:2:      layout_basic, hellmonk_ecumenical_altar_lost_god,
          minmay_misc_feat_square, uniq_terence
D:3:      kennysheep_slugbush, layout_rooms, serial_bayou_lagoon_b
D:4:      layout_basic, nicolae_dithmenos_through_a_glass_darkly
D:5:      minmay_clustersquares, layout_basic, led_xom_imps,
          mainiacjoe_overflow_swirl, minmay_temple_entry_from_below_a,
          solitary_fountain, uniq_pikel
D:6:      layout_basic
D:7:      kennysheep_seaside_town, layout_rooms,
          nicolae_kikubaaqudgha_miasma_corner, lightli_temple_of_fire,
          uniq_maggie
D:8:      layout_rooms
D:9:      layout_rooms, nicolae_uskayaw_dance_studio, lemuel_crystal_altar,
          erik_lair_orcish_takeover, erik_orc_1
D:10:     layout_basic, ebering_ghost_disaster_area, serial_shops, shop,
          kennysheep_mini
D:11:     minmay_the_grid_4x2 [minmay_the_grid_tiny_cups,
          minmay_the_grid_gridbox, minmay_the_grid_rooms,
          minmay_the_grid_minigrid_small_alt, minmay_the_grid_outer_circle,
          minmay_the_grid_embedded, minmay_the_grid_dragon_a,
          minmay_the_grid_prize_inner_circle], layout_rooms, serial_curves,
          eino_curves_01, eino_curves_02
D:12:     layout_gridville
D:13:     layout_loops_corners, hellmonk_vaults_keyhole, serial_shops, shop
D:14:     layout_roguey, nicolae_hepliaklqana_hazy_memory,
          nicolae_ru_sacrificial_ziggurat
D:15:     grunt_enter_depths_giant_problem, layout_loops_corners,
          roderic_serpentine_path, item_on_display_a
Temple:   zaba_magenta_temple
Lair:1:   layout_chaotic_city, lightli_volcano_entry_magma_tube,
          chequers_serial_rivers_micro_e, nicolae_lair_liquid_snakes,
          uniq_nergalle
Lair:2:   layout_cave_shapes, infiniplex_staircase_pool_2
Lair:3:   layout_misc_corridors, nicolae_swamp_entry_spooky,
          nicolae_spider_entry_lesser_pyramids, basic_altar, minivault_23,
          hangedman_tree_tricks, lemuel_fruit_fields
Lair:4:   layout_cellular_growth, uniq_josephine
Lair:5:   due_jungle_book, layout_gridlike, nicolae_slime_entry_field_trip,
          basic_altar, chequers_serial_rivers_small_a, minivault_25,
          chequers_serial_rivers_large_a, uniq_kirke
Orc:1:    layout_diamond_mine, regret_index_minedec_shroomtown_chain, uniq_snorg
Orc:2:    grunt_orc_tribal_feast, layout_diamond_mine, uniq_rupert, uniq_urug,
          uniq_jorgrun

Skill      XL: |  1  2  3  4  5  6  7  8  9 10 11 12 13 14 |
---------------+-------------------------------------------+-----
Long Blades    | 1 2 3 4 6 8 10 13 | 13.8
Fighting       | 1 2 3 4 5 6 8 9 |  9.4
Hexes          | 5 6 7 8 10 11 12 | 12.0
Stealth        | 5 6 7 8 10 12 | 12.0
Ice Magic      | 1 2 |  2.0
Short Blades   | 2 3 |  3.8
Dodging        | 3 4 5 6 8 |  8.7
Spellcasting   | 3 4 5 6 7 |  7.0
Evocations     | 1 3 4 5 6 |  6.5
Armour         | 1 3 4 |  4.0
Conjurations   | 1 4 |  4.0
Shields        | 3 4 |  4.0
Air Magic      | 1 |  1.6
Alchemy        | 1 |  1.7

Action                     |  1- 3 |  4- 6 |  7- 9 | 10-12 | 13-15 || total
---------------------------+-------+-------+-------+-------+-------++-------
  Melee: Dagger            |   111 |   161 |   400 |   653 |   559 ||  1884
         Bite              |     5 |    19 |    56 |   105 |   117 ||   302
         Punch             |       |     4 |     4 |     8 |    12 ||    28
         Scimitar          |       |       |       |    61 |    40 ||   101
         Unarmed           |       |       |       |       |    17 ||    17
  Throw: Dart              |       |       |       |     1 |    11 ||    12
   Cast: Ensorcelled Hiber |     7 |    21 |    91 |   248 |    97 ||   464
         Confusing Touch   |       |     3 |    14 |    22 |    36 ||    75
         Tukima's Dance    |       |       |    11 |       |     8 ||    19
         Dazzling Flash    |       |       |       |     4 |    17 ||    21
         Mephitic Cloud    |       |       |       |       |     1 ||     1
Ability: Lunge             |       |       |    10 |    72 |    47 ||   129
         Whirlwind         |       |       |       |    21 |    19 ||    40
         Evoke Blink       |       |       |       |     3 |     4 ||     7
         Wall Jump         |       |       |       |       |     1 ||     1
  Evoke: Wand              |       |       |       |     8 |     4 ||    12
    Use: Scroll            |     6 |     5 |     9 |    11 |     5 ||    36
         Potion            |       |       |       |       |     1 ||     1
   Stab: Sleeping          |    21 |    22 |    51 |   160 |    79 ||   333
         Confused          |       |     4 |    14 |    23 |    67 ||   108
         Distracted        |       |     1 |       |     3 |       ||     4
         Paralysed         |       |       |     1 |       |       ||     1
         Invisible         |       |       |       |     7 |    17 ||    24
 Armour: Robe              |    51 |    61 |   107 |       |       ||   219
         Steam dragon scal |       |       |    36 |   403 |   305 ||   744
         Skin              |       |       |       |       |     8 ||     8
  Dodge: Dodged            |    58 |    81 |   146 |   396 |   287 ||   968
  Block: Other             |       |    18 |    56 |   130 |    80 ||   284
         Reflection        |       |       |       |     3 |     1 ||     4

Table legend: (Time is in decaauts)
 A = Elapsed time spent in this place.
 B = Non-inter-level travel time spent in this place.
 C = Inter-level travel time spent in this place.
 D = Time resting spent in this place.
 E = Time spent auto-exploring this place.
 F = Levels seen in this place.
 G = Mean time per level.
                   A        B        C        D        E       F      G
               +--------+--------+--------+--------+--------+-----+--------+
         Total |  23466 |  21717 |   1749 |   3871 |  12568 |  24 |  977.8 |
       Dungeon |  14626 |  13551 |   1075 |   1909 |   8619 |  15 |  975.1 |
        Temple |     26 |      1 |     25 |      0 |      0 |   1 |   26.0 |
          Lair |   8017 |   7396 |    621 |   1804 |   3653 |   5 | 1603.4 |
  Orcish Mines |    776 |    749 |     27 |    158 |    295 |   2 |  388.0 |
       Volcano |     19 |     19 |      0 |      0 |      0 |   1 |   19.0 |
               +--------+--------+--------+--------+--------+-----+--------+

Top non-repeatable levels by time:
  Lair:4: 2507 daAuts
     D:6: 2111 daAuts
     D:9: 1945 daAuts
     D:5: 1808 daAuts
     D:7: 1722 daAuts
  Lair:5: 1676 daAuts
  Lair:3: 1421 daAuts
  Lair:1: 1208 daAuts
  Lair:2: 1204 daAuts
    D:10: 1175 daAuts
     D:1: 968 daAuts
     D:2: 852 daAuts
     D:3: 808 daAuts
     D:4: 805 daAuts
    D:12: 733 daAuts
